 Dungeon Crawl Stone Soup version 0.18.1-8-gdd0e5ea (webtiles) character file.

49 tsouns the Sneak (level 3, -13/24 HPs)
             Began as an Octopode Assassin on May 27, 2016.
             Blown up by Ijyb (20 damage)
             ... with a wand of disintegration
             ... on level 2 of the Dungeon.
             The game lasted 00:04:06 (1090 turns).

tsouns the Sneak (Octopode Assassin)                Turns: 1090, Time: 00:04:07

Health: -13/24     AC:  1    Str:  8 (10) XL:     3   Next: 77%
Magic:  3/3        EV: 12    Int: 12 (14) God:
Gold:   88         SH:  0    Dex: 12 (13) Spells: 0 memorised, 2 levels left

rFire  . . .     SeeInvis .     a - +2 dagger
rCold  . . .     Gourm    .     (no shield)
rNeg   . . .     Faith    .     (helmet restricted)
rPois  .         Spirit   .     (no amulet)
rElec  .         Dismiss  .     j - ring of teleportation (curse)
rCorr  .         Reflect  .     e - ring of protection from magic
SustAt .         Harm     .     (no ring)
MR     +....     Rnd*Tele +     (no ring)
Stlth  ++++......               (no ring)
                                (no ring)
                                (no ring)
                                (no ring)

@: flying, somewhat resistant to hostile enchantments, stealthy
A: almost no armour, amphibious, 8 rings, constrict 8, camouflage 1, gelatinous
body 1
a: no special abilities


You were on level 2 of the Dungeon.
You were not hungry.

You visited 1 branch of the dungeon, and saw 2 of its levels.

You collected 88 gold pieces.

Inventory:

Hand Weapons
 a - a +2 dagger (weapon)
 b - a +0 blowgun
Missiles
 c - 8 poisoned needles
 d - 2 curare-tipped needles
Jewellery
 e - a ring of protection from magic (right tentacle)
 j - a cursed ring of teleportation (left tentacle)
Potions
 i - a potion of lignification
Comestibles
 f - a bread ration
 h - 2 beef jerkies
 m - a meat ration


   Skills:
 + Level 2.1 Fighting
 + Level 3.0 Short Blades
 - Level 2.0 Throwing
 + Level 1.3 Dodging
 + Level 6.2 Stealth


You had 2 spell levels left.
You didn't know any spells.

Dungeon Overview and Level Annotations

Branches:
Dungeon (2/15)

Altars:
Nemelex Xobeh

Annotations:
D:2 Ijyb, Sigmund


Innate Abilities, Weirdness & Mutations

You cannot wear most types of armour.
You are amphibious.
You can wear up to eight rings at the same time.
You can use your tentacles to constrict eight enemies at once.
Your skin changes colour to match your surroundings (Stealth).
Your rubbery body absorbs attacks (AC +1).


Message History

You feel weakened.
You feel dopey.
You feel clumsy.
The gnoll hits you from afar with a spear.
* * * LOW HITPOINT WARNING * * *
Ijyb screams, "Me very upset!"
The rat closely misses you.
Drink which item? (? for menu, Esc to quit)
It was a potion of flight.
You feel very buoyant.
You fly up into the air.
The gnoll hits you but does no damage. The rat closely misses you.
Drink which item? (? for menu, Esc to quit)
You feel better. The gnoll barely misses you. The rat bites you.
* * * LOW HITPOINT WARNING * * *
Unknown command.
Drink which item? (? for menu, Esc to quit)
Okay, then.
The kobold shouts!
Ijyb zaps a wand.
You are blasted!
Ouch! That really hurt!
You die...

..... #.......#
#..g..#......K####
##...####.....#
#.......#.....#
#.#####.......#
#.. ##......# #.
##.....# . #..gg.#
## #...@.# #...r.#
#######


You could see Ijyb, a gnoll, a kobold and a rat.

Vanquished Creatures
  An adder (D:2)
  An ooze (D:1)
  2 dart slugs (D:1)
  A giant gecko (D:1)
  3 giant cockroaches (D:1)
  4 goblins (D:1)
  5 hobgoblins (D:1)
  2 kobolds (D:1)
  6 bats
  A giant newt (D:2)
  A rat (D:1)
27 creatures vanquished.

Notes
Turn   | Place    | Note
--------------------------------------------------------------
     0 | D:1      | tsouns the Octopode Assassin began the quest for the Orb.
     0 | D:1      | Reached XP level 1. HP: 14/14 MP: 1/1
   109 | D:1      | Reached XP level 2. HP: 3/19 MP: 2/2
   498 | D:1      | Reached skill level 6 in Stealth
   526 | D:1      | Reached XP level 3. HP: 17/24 MP: 3/3
   586 | D:1      | Found a sparkling altar of Nemelex Xobeh.
  1074 | D:2      | Noticed Ijyb
  1074 | D:2      | Noticed Sigmund
  1090 | D:2      | Blown up by Ijyb

Skill      XL: |  1  2  3 |
---------------+----------+-----
Stealth        | 6 |  6.2
Short Blades   | 3 |  3.0
Fighting       | |  2.1
Throwing       | |  2.0
Dodging        | |  1.3

Action                   || total
-------------------------++-------
Melee: Dagger            ||    43
       Constrict         ||     7
       Tentacles         ||     4
  Use: Scroll            ||     3
       Potion            ||     3
 Stab: Sleeping          ||    14
       Distracted        ||     1
Armor: Skin              ||     2
Dodge: Dodged            ||    13
